AoeStats
← The Crusader

African Clearing

505346400Analyzed
4v4 RM · 24d ago on Sep 9, 2026· 45m 50s· 8 players
Game mode
Random Map
Map size
Large (8 player)
Population
200
Speed
Normal
Resources
Standard
Victory
Conquest
Starting age
Dark Age
Ending age
Imperial Age
RankedLock teamsTeams togetherTeam positionsShared explorationLock speedFull tech treeHidden civsTurbo modeCheats
Victory
Defeat
🇺🇸 Vietnamese · United States
1493
+12
🇺🇸 Spanish · United States
1493
+12
🇪🇨 Celts · Ecuador
1457
+13
🇨🇴 Berbers · Colombia
1432
+14
🇧🇷 Koreans · Brazil
1471
-15
🇧🇷 Persians · Brazil
1438
-14
🇧🇷 Magyars · Brazil
1356
-11
🇧🇷 Mongols · Brazil
1339
-11
The Crusader
4:34 Loom
12:48 Feudal Age
12:56 Feudal Age
18:01 Castle Age
30:35 Double-Bit Axe
30:32 Horse Collar
32:02 Town Watch
33:17 Bow Saw
33:11 Heavy Plow
34:33 Scale Barding Armor
35:01 Husbandry
37:42 Bloodlines
38:08 Wheelbarrow
41:15 Pikeman
thegoodjunk
7:15 Loom
13:02 Feudal Age
13:56 Double-Bit Axe
17:33 Castle Age
15:34 Horse Collar
17:08 Fletching
18:53 Wheelbarrow
19:04 Heavy Plow
27:03 Bodkin Arrow
27:24 Padded Archer Armor
32:00 Leather Archer Armor
32:13 Ballistics
35:10 Imperial Age
33:07 Bloodlines
33:43 Scale Barding Armor
33:53 Chatras
34:03 Gold Mining
34:36 Husbandry
35:29 Chain Barding Armor
35:19 Forging
36:53 Elite Battle Elephant
38:02 Stone Mining
39:50 Bracer
44:30 Iron Casting
44:30 Plate Barding Armor
KootH.
3:44 Loom
12:38 Feudal Age
14:17 Double-Bit Axe
16:26 Forging
21:40 Bloodlines
24:53 Castle Age
23:33 Scale Barding Armor
24:02 Horse Collar
29:29 Husbandry
43:51 Heavy Plow
45:57 Scale Mail Armor
46:38 Iron Casting
[ECU] Tecno>Luis
6:18 Loom
13:47 Feudal Age
14:19 Town Watch
14:34 Double-Bit Axe
14:39 Man-at-Arms
17:46 Arson
24:06 Horse Collar
33:37 Castle Age
31:59 Gold Mining
32:55 Scale Mail Armor
33:42 Pikeman
34:34 Forging
38:48 Bow Saw
43:27 Iron Casting
43:31 Heavy Plow
44:16 Wheelbarrow
SSx_Sinistro
3:09 Loom
13:08 Feudal Age
13:41 Double-Bit Axe
18:44 Castle Age
32:46 Fletching
36:39 Town Watch
SS_BAD_
7:47 Loom
13:29 Feudal Age
19:50 Castle Age
17:37 Double-Bit Axe
18:32 Stone Mining
30:01 Fletching
31:38 Town Watch
35:44 Bodkin Arrow
38:34 Horse Collar
SS_Caborja
7:44 Loom
10:49 Feudal Age
12:15 Man-at-Arms
29:06 Castle Age
29:06 Elite Skirmisher
30:42 Padded Archer Armor
31:10 Fletching
31:25 Double-Bit Axe
33:14 Bow Saw
33:58 Leather Archer Armor
33:59 Crossbowman
42:17 Horse Collar
SS_Tiozão
3:14 Loom
12:29 Feudal Age
13:20 Double-Bit Axe
16:01 Scale Barding Armor
24:38 Castle Age
23:28 Bloodlines
24:04 Horse Collar
24:16 Gold Mining
25:47 Chain Barding Armor
25:38 Bow Saw
26:03 Husbandry
26:24 Light Cavalry
29:46 Wheelbarrow
31:23 Stone Mining
37:03 Hand Cart
37:26 Gold Shaft Mining
41:31 Imperial Age
41:36 Cavalier
42:54 Plate Barding Armor
43:55 Two-Man Saw
42:57 Heavy Plow
44:36 Paladin
Connection lost

Rejoining the realm…

Still unreachable

The connection could not be restored.

Session expired

The server has moved on; the page needs a fresh start.